 Dungeon Crawl Stone Soup version 0.32-a0-921-g04a7ad8e02 (webtiles) character file.

Game seed: 17435877691087898971

67980 makewrite the Severer (level 14, -6/186 (195) HPs)
             Began as a Minotaur Berserker on Apr 11, 2024.
             Was a High Priest of Trog.
             Mangled by a warg (14 damage)
             ... on level 2 of the Orcish Mines on Apr 12, 2024.
             The game lasted 01:13:17 (28550 turns).

makewrite the Severer (Minotaur Berserker)         Turns: 28550, Time: 01:13:18

HP:   -6/186 (195)  AC: 23    Str: 24    XL:     14   Next: 85%
MP:   13/13         EV: 12    Int:  4    God:    Trog [*****.]
Gold: 1468          SH:  0    Dex: 15    Spells: 13/13 levels left

rFire   + . .        a - +3 battleaxe (flame)
rCold   . . .        (shield currently unavailable)
rNeg    . . .        q - +4 chain mail "Raum" {Harm Str+2 SInv}
rPois   .            (helmet restricted)
rElec   .            n - +1 cloak
rCorr   .            r - +1 pair of gloves
SInv    +            h - +0 pair of boots
Will    ++...        y - amulet of faith Stlth
                     I - ring of willpower
HPRegen 0.51/turn    j - ring of protection from fire
MPRegen 0.13/turn

%: harm (+30% outgoing, +20% incoming), faith
@: berserking, about to teleport, lightly drained, very quick
A: horns 2, retaliatory headbutt
a: Renounce Religion, Berserk, Trog's Hand, Brothers in Arms


You were on level 2 of the Orcish Mines.
You worshipped Trog.
Trog was extremely pleased with you.
You visited 3 branches of the dungeon, and saw 19 of its levels.
You also visited: Sewer.

You collected 2250 gold pieces.
You spent 782 gold pieces at shops.

Inventory:

Hand Weapons
 a - a +3 battleaxe of flaming (weapon)
 b - a +0 arbalest
Armour
 h - a +0 pair of boots (worn)
 n - a +1 cloak (worn)
 q - the +4 chain mail "Raum" (worn) {Harm Str+2 SInv}
   (You bought it in a shop on level 12 of the Dungeon)

   Str+2:     It affects your strength (+2).
   SInv:      It lets you see invisible.
   Harm:      It increases damage dealt and taken.
 r - a +1 pair of gloves (worn)
Jewellery
 j - a ring of protection from fire (right hand)
 k - a +6 ring of intelligence
 y - an amulet of faith (around neck)
 B - a ring of protection from cold
 I - a ring of willpower (left hand)
Scrolls
 d - 3 scrolls of teleportation
 f - 4 scrolls of poison
 g - 2 scrolls of summoning
 l - a scroll of fear
 m - 2 scrolls of vulnerability
 s - 3 scrolls of blinking
 t - a scroll of enchant weapon {unknown}
 v - 3 scrolls of identify
 A - 2 scrolls of silence
 F - 4 scrolls of fog
Potions
 c - 3 potions of enlightenment
 e - 6 potions of curing
 i - 2 potions of attraction
 o - 5 potions of haste
 p - 4 potions of might
 u - 2 potions of mutation
 w - 2 potions of lignification {unknown}
 x - a potion of berserk rage
 C - a potion of brilliance
 E - 2 potions of cancellation


   Skills:
 + Level 13.9 Fighting
 * Level 20.0 Axes
 + Level 12.5 Ranged Weapons
 + Level 14.0 Armour
 + Level 8.1 Dodging


You had 13 spell levels left.
You didn't know any spells.
Your spell library was empty.

Dungeon Overview and Level Annotations

Branches:
Dungeon (12/15)            Temple (0/1) D:4            Lair (5/5) D:8
  Swamp (0/4) Lair:3        Snake (0/4) Lair:2        Slime (0/5) Lair:5
    Orc (2/2) D:12          Sewer (visited)
    Elf: Orc:2

Altars:
Ashenzari
Makhleb
Qazlal
Sif Muna
Uskayaw
Vehumet
Xom
Zin
Beogh
Jiyva

Shops:
D:2 (   D:7 *   D:10 !   D:11 :   D:12 [

Annotations:
Lair:5 1 runed translucent door


Innate Abilities, Weirdness & Mutations

You have a pair of horns on your head.
You reflexively headbutt those who attack you in melee.


Message History

Unknown command.
As you read the scroll of teleportation, it crumbles to dust.
You feel strangely unstable. The warg bites you!
* * * LOW HITPOINT WARNING * * *
The warg bites you.
* * * LOW HITPOINT WARNING * * *
The warg bites you.
* * * LOW HITPOINT WARNING * * *
The warg barely misses you.
An orc warrior comes into view.
It is wielding a +1 long sword of holy wrath.
The warg barely misses you.
The orc warrior hits you with a +0 long sword.
* * * LOW HITPOINT WARNING * * *
The warg closely misses you.
An orc comes into view. It is wielding a +0 flail.
The warg closely misses you.
Unknown command.
A red film seems to cover your vision as you go berserk!
You feel yourself moving faster!
You feel mighty! The warg bites you but does no damage. The warg bites you!
* * * LOW HITPOINT WARNING * * *
The orc warrior hits you with a +0 long sword.
* * * LOW HITPOINT WARNING * * *
The warg misses you. You furiously retaliate!
You headbutt the warg! You slash the orc warrior! You burn the orc warrior.
You headbutt the orc warrior!
You feel the power of Trog in you as your rage grows.
You kill the orc warrior!
Trog accepts your kill.
You closely miss the warg. x2
The orc wizard no longer looks unusually strong.
The warg attacks as it pursues you! The warg closely misses you.
The orc wizard gestures wildly while chanting.
The orc wizard flickers and vanishes for a moment.
Unknown command.
You slash the warg! You burn the warg.
You kill the warg!
Trog accepts your kill.
You slash the warg! You burn the warg. The warg bites you!
You die...

. ...
###################.....
........).ooo.hh@.......
.........o.o.o.h........
#######.###.###.#######.
# #.# #.# #o# # #h# #h#
#o# # #o. .o.


hoo # #.# #o# #o# . oo# #.# #.# oh #.# .. You could see 2 orc knights, 4 wargs,
2 orc warriors, an orc wizard (invisible) and 5 orcs.

Vanquished Creatures
  An orc warlord (D:12)
  The ghost of Essalna the Arsonist, a journeyman GrFE of Vehumet (Lair:5)
  A boulder beetle (D:11)
  6 hydras
  A two-headed ogre (D:12)
  5 death yaks (Lair:3)
  A hell hog (Lair:5)
  An orc high priest (Orc:2)
  2 skysharks
  An arcanist (D:9)
  An orc knight (Orc:1)
  2 orc sorcerers
  2 wolf spiders (Lair:5)
  2 cyclopes (D:11)
  2 black mambas (Lair:4)
  12 elephants
  5 cane toads
  A gargoyle (D:12)
  7 rime drakes
  An unseen horror (D:12)
  13 komodo dragons
  A queen bee (Lair:1)
  7 trolls
  11 polar bears
  A hornet (Lair:3)
  27 blink frogs
  A raiju (Lair:5)
  7 slime creatures (D:12)
  A shadow (D:11)
  50 yaks
  A wraith (D:9)
  4 wyverns
  4 basilisks
  7 wargs
  Menkaure (D:7)
  3 steam dragons
  A naga (Lair:2)
  3 acid dragons
  16 hell hounds
  23 water moccasins
  10 orc warriors
  12 black bears
  A tengu (Lair:1)
  A boggart (D:9)
  A swamp drake (Lair:5)
  6 ogres
  8 centaurs
  23 wolves
  A kobold brigand (D:9)
  16 bullfrogs
  2 brain worms (Sewer)
  A gnoll sergeant (D:11)
  4 scorpions
  5 wights
  12 killer bees
  A howler monkey (D:10)
  A bombardier beetle (D:4)
  2 jellies (D:5)
  3 hounds (D:5)
  3 gnoll boudas
  11 orc priests
  2 sleepcaps
  Crazy Yiuf (D:4)
  10 iguanas
  10 orc wizards
  4 hell rats (Lair:5)
  17 adders
  3 river rats
  14 gnolls
  2 white imps (D:6)
  3 dart slugs
  2 ribbon worms
  59 orcs
  10 endoplasms
  3 giant cockroaches
  9 goblins
  10 hobgoblins
  10 jackals
  5 quokkas
  12 ball pythons
  4 bats
  9 frilled lizards
  13 kobolds
  17 rats
590 creatures vanquished.

Vanquished Creatures (collateral kills)
  The ghost of Aheps the Cleaver, a journeyman GrFi of Gozag (Lair:5)
  A fire dragon (Lair:5)
  2 hydras
  A skeletal warrior (D:9)
  A swamp dragon (Lair:5)
  A deep elf pyromancer (D:9)
  A freezing wraith (D:9)
  4 blink frogs (Lair:5)
  A warg (Lair:5)
13 creatures vanquished.

Vanquished Creatures (others)
  An orc (D:8)
1 creature vanquished.

Grand Total: 604 creatures vanquished

Notes
Turn   | Place    | Note
-------+----------+-------------------------------------------
     0 | D:1      | makewrite the Minotaur Berserker began the quest for the
                  | Orb.
     0 | D:1      | Reached XP level 1. HP: 19/19 MP: 0/0
   146 | D:1      | Reached XP level 2. HP: 24/27 MP: 1/1
   190 | D:1      | Reached skill level 4 in Axes
   420 | D:1      | Reached ** piety under Trog
   433 | D:1      | Reached skill level 1 in Ranged Weapons
   686 | D:2      | Reached XP level 3. HP: 31/33 MP: 2/2
  1088 | D:2      | Found Gozosoc's Antique Weapon Shop.
  1163 | D:2      | Reached XP level 4. HP: 41/41 MP: 3/3
  1930 | D:3      | Reached *** piety under Trog
  1941 | D:3      | Reached skill level 5 in Axes
  1941 | D:3      | Reached XP level 5. HP: 15/47 MP: 4/4
  2349 | D:3      | Found a glowing drain.
  2362 | Sewer    | Entered a sewer
  2487 | Sewer    | Reached XP level 6. HP: 44/55 MP: 2/5
  2597 | Sewer    | Reached skill level 5 in Fighting
  2913 | D:3      | Reached **** piety under Trog
  2955 | D:3      | Reached skill level 6 in Axes
  3439 | D:4      | Reached XP level 7. HP: 56/61 MP: 6/6
  3490 | D:4      | Found a staircase to the Ecumenical Temple.
  3758 | D:4      | Reached skill level 5 in Armour
  3941 | D:4      | Found a runed translucent door.
  3942 | D:4      | Noticed Crazy Yiuf
  4155 | D:4      | Reached skill level 7 in Axes
  4275 | D:4      | Killed Crazy Yiuf
  4388 | D:5      | Entered Level 5 of the Dungeon
  4502 | D:5      | Reached XP level 8. HP: 70/70 MP: 7/7
  4631 | D:5      | Identified the +7 long sword of Foul Odours {flame, rC+ rN+
                  | rCorr}
  4992 | D:5      | Reached ***** piety under Trog
  4993 | D:5      | Reached skill level 8 in Axes
  5100 | D:5      | Reached skill level 5 in Ranged Weapons
  5710 | D:6      | Noticed a hornet
  5797 | D:6      | Found a hide-covered altar of Uskayaw.
  6301 | D:6      | Reached XP level 9. HP: 76/79 MP: 8/8
  6742 | D:7      | Found a broken altar of Ashenzari.
  6745 | D:7      | Reached skill level 10 in Axes
  6745 | D:7      | Reached XP level 10. HP: 91/91 MP: 9/9
  6852 | D:7      | Noticed Menkaure
  6861 | D:7      | Killed Menkaure
  7074 | D:7      | Found a burning altar of Makhleb.
  7090 | D:7      | Found Gemat's Lightly-Used Armoury.
  7276 | D:7      | Received a gift from Trog
  7834 | D:8      | Found a stormy altar of Qazlal.
  7864 | D:8      | Upgraded the game from 0.32-a0-918-g0f22ef8d61 to
                  | 0.32-a0-921-g04a7ad8e02
  7971 | D:8      | Reached skill level 10 in Fighting
  7971 | D:8      | Reached skill level 11 in Axes
  7984 | D:8      | Reached skill level 10 in Armour
  8305 | D:8      | Found a staircase to the Lair.
  8432 | D:8      | Found a shimmering blue altar of Sif Muna.
  9886 | D:9      | Noticed a deep elf pyromancer
  9886 | D:9      | Noticed a skeletal warrior
  9887 | D:9      | Noticed a four-headed hydra
  9888 | D:9      | Found a transporter.
  9888 | D:9      | Found a transporter.
  9888 | D:9      | Noticed an arcanist
  9908 | D:9      | Found Zin's Purification Station.
  9910 | D:9      | Found a glowing silver altar of Zin.
  9961 | D:8      | Reached XP level 11. HP: 61/95 MP: 10/10
 10395 | D:9      | Reached skill level 12 in Axes
 11076 | D:9      | Killed a skeletal warrior
 11076 | D:9      | Killed a deep elf pyromancer
 11430 | D:9      | Killed a four-headed hydra
 11715 | D:9      | Killed an arcanist
 12132 | D:9      | Reached skill level 13 in Axes
 12218 | D:10     | Entered Level 10 of the Dungeon
 12676 | D:10     | Found Aloz's Distillery.
 12700 | D:10     | Bought a potion of ambrosia for 96 gold pieces
 12700 | D:10     | Bought a potion of might for 48 gold pieces
 12722 | D:10     | Found a radiant altar of Vehumet.
 13310 | D:11     | Found Feuwkeyl's Book Shop.
 14134 | D:11     | Noticed a boulder beetle
 14152 | D:11     | Killed a boulder beetle
 14153 | D:11     | Reached skill level 14 in Axes
 14482 | D:12     | Noticed a two-headed ogre
 14492 | D:12     | Killed a two-headed ogre
 14493 | D:12     | Reached XP level 12. HP: 73/108 MP: 11/11
 14999 | D:12     | Identified a scroll of acquirement
 15226 | D:12     | Acquired a +4 battleaxe of venom
 15303 | D:12     | Identified the +3 spear of Veah {holy, Will+}
 15740 | D:12     | Found Tuurecs's Armour Shop.
 15740 | D:12     | Found a staircase to the Orcish Mines.
 15940 | D:12     | Bought the +4 chain mail "Raum" {Harm Str+2 SInv} for 638
                  | gold pieces
 16260 | Lair:1   | Entered Level 1 of the Lair of Beasts
 16390 | Lair:1   | Reached skill level 10 in Ranged Weapons
 16552 | Lair:1   | Reached skill level 15 in Axes
 17731 | Lair:2   | Reached skill level 16 in Axes
 17970 | Lair:2   | Found a staircase to the Snake Pit.
 17990 | Lair:2   | Identified the flux talisman of the Evening {Int+4}
 18397 | Lair:3   | Found a staircase to the Swamp.
 18711 | Lair:3   | Noticed a death yak
 18717 | Lair:3   | Noticed a death yak
 18718 | Lair:3   | Killed a death yak
 18718 | Lair:3   | Noticed a death yak
 18738 | Lair:3   | Killed a death yak
 18739 | Lair:3   | Reached XP level 13. HP: 105/117 MP: 12/12
 18900 | Lair:3   | Received a gift from Trog
 19258 | Lair:3   | Reached skill level 17 in Axes
 21741 | Lair:5   | Entered Level 5 of the Lair of Beasts
 22232 | Lair:5   | Found a runed translucent door.
 22260 | Lair:5   | Reached skill level 18 in Axes
 22600 | Lair:5   | Reached XP level 14. HP: 128/129 MP: 13/13
 22617 | Lair:5   | Found a runed translucent gate.
 22618 | Lair:5   | Found a runed translucent gate.
 22619 | Lair:5   | Found a runed translucent gate.
 22812 | Lair:5   | Found a viscous altar of Jiyva.
 22812 | Lair:5   | Found a staircase to the Slime Pits.
 22812 | Lair:5   | Noticed an acid blob
 22812 | Lair:5   | Noticed an acid blob
 22812 | Lair:5   | Noticed an acid blob
 22918 | Lair:5   | Received a gift from Trog
 24134 | Lair:5   | Noticed Aheps's ghost (journeyman GrFi)
 24134 | Lair:5   | Noticed Essalna's ghost (journeyman GrFE)
 24313 | Lair:5   | Killed Essalna's ghost
 24314 | Lair:5   | Killed Aheps's ghost
 25489 | Lair:5   | Reached skill level 19 in Axes
 25542 | Lair:5   | Reached ****** piety under Trog
 26155 | Lair:5   | Found the +13 scythe of Curses {drain, curses, ^Drain}
 26163 | Lair:5   | Identified the +0 plate armour of Hivepnyc {+Inv Dex+3}
 26981 | Orc:1    | Entered Level 1 of the Orcish Mines
 26990 | Orc:1    | Received a gift from Trog
 27001 | Orc:1    | Noticed an orc warlord
 27194 | D:12     | Killed an orc warlord
 27475 | Orc:1    | Found a shimmering altar of Xom.
 27879 | Orc:2    | Entered Level 2 of the Orcish Mines
 27879 | Orc:2    | Found a roughly hewn altar of Beogh.
 28465 | Orc:2    | Found a roughly hewn altar of Beogh.
 28470 | Orc:2    | Reached skill level 20 in Axes
 28547 | Orc:2    | HP: 7/186 [orc warrior/+0 long sword (3)]
 28550 | Orc:2    | Mangled by a warg

Illustrated notes

Levels and vault maps discovered:
D:1:      mrwooster_arrival_statue, layout_loops_cross, corner_web_ring
D:2:      layout_loops_corners, serial_shops, nicolae_shop_just_a_little_nook,
          minmay_pentomino_w2
D:3:      layout_loops_cross, portal_sewer_entry_b, hangedman_decor_riveting,
          moated_statue
D:4:      layout_loops_ring, minmay_temple_entry_purple_smoke,
          uniq_crazy_yiuf_cottage
D:5:      layout_loops_ring
D:6:      layout_basic, nicolae_uskayaw_dance_hall, lightli_corner_chamber
D:7:      layout_cave_pools, amethyst_killhole, minmay_shop_damaged,
          dk_noncrumbling_3, hangedman_feature_mirror, minmay_misc_feat_chi,
          uniq_menkaure
D:8:      layout_loops_ring, lemuel_blue_sif_altar, lemuel_round_altar,
          lair_entry_dummy
D:9:      gammafunk_sealed_arena, layout_small_grid, zin_purify,
          hangedman_decor_slide_cut
D:10:     layout_loops_cross, kennysheep_little_box, serial_shops,
          nicolae_shop_industrial_runoff
D:11:     layout_irregular_city, serial_shops, nicolae_book_shop_shelving
D:12:     layout_cave_pools, orc_david_3
Lair:1:   layout_gridlike
Lair:2:   layout_long_grid, guppyfry_snake_entry_island, grunt_megastairs_3,
          lemuel_fruit_tree, lemuel_fruit_fields
Lair:3:   layout_cave_pods, minmay_swamp_entry_reptiles, grunt_megastairs_5
Lair:4:   layout_small_grid, grunt_megastairs_4
Lair:5:   guppyfry_lair_end_dragon, layout_regular_city,
          hangedman_lair_caniforms_friends, slime_entry_2,
          gammafunk_ghost_cemetery, nicolae_lair_run_with_the_wolves
Orc:1:    layout_caves, basic_altar
Orc:2:    st_orc_town, layout_diamond_mine, basic_altar, bh_open_orc_temple

Skill      XL: |  1  2  3  4  5  6  7  8  9 10 11 12 13 14 |
---------------+-------------------------------------------+-----
Fighting       | 4 5 6 7 9 10 11 13 | 13.9
Axes           | 4 5 6 7 8 10 11 14 16 18 20 | 20.0
Ranged Weapons | 1 2 3 4 6 8 9 10 11 12 | 12.5
Armour         | 3 4 5 7 9 10 11 12 13 14 | 14.0
Dodging        | 3 6 7 8 |  8.1

Action                     |  1- 3 |  4- 6 |  7- 9 | 10-12 | 13-15 || total
---------------------------+-------+-------+-------+-------+-------++-------
  Melee: Hand axe          |    75 |   118 |   166 |       |       ||   359
         Headbutt          |    10 |    19 |    40 |    85 |    84 ||   238
         Battleaxe         |       |       |       |   347 |   376 ||   723
         Mace              |       |       |       |    33 |     3 ||    36
   Fire: Sling             |       |    40 |    54 |       |       ||    94
         Arbalest          |       |       |       |   181 |   235 ||   416
 Invoke: Berserk           |       |     1 |     3 |     2 |     5 ||    11
         Trog's Hand       |       |       |       |     3 |     2 ||     5
         Brothers in Arms  |       |       |       |     2 |     3 ||     5
  Evoke: Wand              |       |       |       |     9 |     2 ||    11
    Use: Scroll            |     1 |     6 |    10 |    16 |     4 ||    37
         Potion            |     1 |       |     2 |    12 |     8 ||    23
   Stab: Distracted        |       |     1 |     5 |       |     2 ||     8
 Armour: Leather armour    |    17 |       |       |       |       ||    17
         Animal skin       |     5 |       |       |       |       ||     5
         Plate armour      |    33 |    52 |       |       |       ||    85
         Chain mail        |       |    94 |   153 |   696 |   715 ||  1658
  Dodge: Dodged            |    34 |    51 |    95 |   395 |   459 ||  1034

Table legend: (Time is in decaauts)
 A = Elapsed time spent in this place.
 B = Non-inter-level travel time spent in this place.
 C = Inter-level travel time spent in this place.
 D = Time resting spent in this place.
 E = Time spent auto-exploring this place.
 F = Levels seen in this place.
 G = Mean time per level.
                   A        B        C        D        E       F      G
               +--------+--------+--------+--------+--------+-----+--------+
         Total |  28908 |  27332 |   1576 |  10551 |  11021 |  20 | 1445.4 |
       Dungeon |  16622 |  15591 |   1031 |   5899 |   6546 |  12 | 1385.2 |
          Lair |  10536 |  10052 |    484 |   4239 |   3775 |   5 | 2107.2 |
  Orcish Mines |   1209 |   1148 |     61 |    346 |    404 |   2 |  604.5 |
         Sewer |    540 |    540 |      0 |     66 |    295 |   1 |  540.0 |
               +--------+--------+--------+--------+--------+-----+--------+

Top non-repeatable levels by time:
  Lair:5: 4594 daAuts
     D:9: 3275 daAuts
  Lair:3: 2297 daAuts
    D:12: 2161 daAuts
     D:8: 1819 daAuts
    D:11: 1619 daAuts
  Lair:4: 1362 daAuts
  Lair:1: 1243 daAuts
     D:5: 1209 daAuts
     D:2: 1141 daAuts
     D:3: 1101 daAuts
  Lair:2: 1038 daAuts
     D:4: 1029 daAuts
     D:6: 954 daAuts
     D:7: 882 daAuts
